 Dungeon Crawl Stone Soup version 0.27-a0-1384-g1422d76b99 (webtiles) character file.

Game seed: 13899204673017402639

35 dickylongcocking the Magician (level 3, -1/29 HPs)
             Began as a Djinni Wanderer on July 1, 2021.
             Killed from afar by a dart slug (2 damage)
             ... with a slug dart
             ... on level 2 of the Dungeon.
             The game lasted 00:02:29 (1471 turns).

dickylongcocking the Magician (Djinni Wanderer)     Turns: 1471, Time: 00:02:30

Health: -1/29      AC:  5    Str: 10    XL:     3   Next: 55%
Gold:   32         EV:  9    Int: 13    God:
                   SH:  0    Dex: 14

rFire    + + .     SeeInvis .   a - +0 dagger
rCold    x . .     Faith    .   (no shield)
rNeg     . . .     Spirit   .   f - +0 ring mail
rPois    ∞         Reflect  .   (no helmet)
rElec    .         Harm     .   (no cloak)
rCorr    .         Rampage  .   (no gloves)
Will     .....                  (boots unavailable)
Stlth    +.........             (no amulet)
HPRegen  0.09/turn              (no ring)
MPRegen  0.00/turn              (no ring)

@: flying
A: sickness immunity, fire resistance 2, cold vulnerability 1, float, innate
caster, hp casting, extra vitality 1
a: no special abilities


You were on level 2 of the Dungeon.
You visited 1 branch of the dungeon, and saw 2 of its levels.

You collected 32 gold pieces.

Inventory:

Hand Weapons
 a - a +0 dagger (weapon)
Armour
 b - a +0 robe
 f - a +0 ring mail (worn)
Jewellery
 c - a ring of protection from fire
Potions
 d - a potion of magic


   Skills:
 * Level 2.8 Fighting
 - Level 1.0 Throwing
 - Level 1.0 Stealth
 - Level 6.6 Spellcasting


You couldn't memorise any spells.
You knew the following spells:

 Your Spells              Type           Power      Damage    Failure   Level
a - Magic Dart            Conj           84%        1d7       2%          1
b - Blink                 Tloc           N/A        N/A       4%          2
c - Call Imp              Summ           21%        N/A       4%          2
d - Slow                  Hex            21%        N/A       4%          2
e - Conjure Flame         Conj/Fire      21%        6-21      9%          3
g - Lesser Beckoning      Tloc           10%        N/A       9%          3
h - Apportation           Tloc           42%        N/A       2%          1
i - Spider Form           Tmut/Pois      10%        N/A       9%          3
j - Beastly Appendage     Tmut           42%        N/A       2%          1
k - Summon Small Mammal   Summ           84%        N/A       2%          1
x - Mephitic Cloud        Conj/Pois/Air  21%        N/A       9%          3

Your spell library contained the following spells:

 Spells                   Type           Power      Damage    Failure   Level


Dungeon Overview and Level Annotations

Branches:
Dungeon (2/15)

Altars:


Innate Abilities, Weirdness & Mutations

You are immune to sickness and miasma.
You are immune to poison.
Your flesh is very heat resistant. (rF++)
You are vulnerable to cold. (rC-)
You float through the air rather than walking.
You learn spells naturally, not from books.
Your magical power is your life essence.
You have superior vitality. (+4 HP)


Message History

The orc hits you but does no damage.
The orc hits your white imp with a +0 hand axe.
You hear some strange, mumbled words.
A puff of flame appears from out of thin air!
The puff of flame hits you but does no damage.
Unknown command.
Unknown command.
Your white imp gestures at the orc.
The puff of frost hits the orc!
The orc dies!
A magic dart appears from out of thin air!
The magic dart hits you.
* * * LOW HITPOINT WARNING * * *
Unknown command.
Your white imp hits something.
Your white imp freezes something.
Unknown command.
Your surroundings suddenly seem different.
A dart slug comes into view.
Found a scroll labelled VAEFIGGU HAUMP.
Unknown command.
Unknown command.
Casting: Mephitic Cloud (quite dangerous; 9% risk of failure)
Confirm with . or Enter, or press ? or * to list all spells.
Okay, then.
Okay, then.
You aren't carrying any scrolls.
Unknown command.
A hobgoblin comes into view.
The hobgoblin shouts!
Your magical contamination has completely faded away.
Found a club.
Casting: Mephitic Cloud (quite dangerous; 9% risk of failure)
Confirm with . or Enter, or press ? or * to list all spells.
Okay, then.
Casting: Mephitic Cloud (quite dangerous; 9% risk of failure)
Confirm with . or Enter, or press ? or * to list all spells.
* * * LOW HITPOINT WARNING * * *
The dart slug launches a dart at you. The slug dart hits you.
You die...

#################
#...............#
#...............#
#...............#
#)....@.........#
#...............#
#......r.......?#
#...............#
#...g...........#
#...............#
#...........w...#
#...............#
#...............#


You could see a dart slug, a hobgoblin (ally target) and a friendly quokka
(summoned).

Vanquished Creatures
  2 dart slugs (D:1)
  3 ball pythons (D:1)
  An endoplasm (D:1)
  A giant cockroach (D:1)
  2 goblins (D:1)
  2 hobgoblins (D:1)
  4 jackals
  A quokka (D:1)
  A frilled lizard (D:1)
  2 kobolds (D:1)
19 creatures vanquished.

Vanquished Creatures (collateral kills)
  4 orcs (D:2)
  2 jackals (D:1)
  2 rats (D:1)
8 creatures vanquished.

Grand Total: 27 creatures vanquished

Notes
Turn   | Place    | Note
-------+----------+-------------------------------------------
     0 | D:1      | dickylongcocking the Djinni Wanderer began the quest for
                  | the Orb.
     0 | D:1      | Reached XP level 1. HP: 15/15 MP: 0/0
    72 | D:1      | Reached skill level 1 in Fighting
   327 | D:1      | Reached XP level 2. HP: 18/22 MP: 0/0
   936 | D:1      | Reached XP level 3. HP: 25/28 MP: 0/0
   936 | D:1      | Learned a level 1 spell: Summon Small Mammal
  1158 | D:1      | Found a faded altar of an unknown god.
  1462 | D:2      | HP: 1/29 [something/magic dart (5)]
  1471 | D:2      | Killed from afar by a dart slug

Illustrated notes

Levels and vault maps discovered:
D:1:      grunt_arrival_crossed_arrows, layout_basic,
          hellmonk_ecumenical_altar_heavens_door, hangedman_decor_opposing,
          hangedman_decor_points
D:2:      layout_basic, basic_altar

Skill      XL: |  1  2 |
---------------+-------+-----
Fighting       | 1 2 |  2.8
Throwing       | |  1.0
Stealth        | |  1.0
Spellcasting   | |  6.6

Action                   || total
-------------------------++-------
Melee: Dagger            ||    48
       Headbutt          ||     4
 Cast: Magic Dart        ||    28
       Beastly Appendage ||     4
       Call Imp          ||     4
       Summon Small Mamm ||     1
  Use: Potion            ||     2
       Scroll            ||     1
Armor: Robe              ||     5
       Ring mail         ||    14
Dodge: Dodged            ||    34

Table legend: (Time is in decaauts)
 A = Elapsed time spent in this place.
 B = Non-inter-level travel time spent in this place.
 C = Inter-level travel time spent in this place.
 D = Time resting spent in this place.
 E = Time spent auto-exploring this place.
 F = Levels seen in this place.
 G = Mean time per level.
                   A        B        C        D        E       F      G
               +--------+--------+--------+--------+--------+-----+--------+
         Total |   1470 |   1461 |      9 |     24 |   1255 |   2 |  735.0 |
       Dungeon |   1470 |   1461 |      9 |     24 |   1255 |   2 |  735.0 |
               +--------+--------+--------+--------+--------+-----+--------+

Top non-repeatable levels by time:
     D:1: 1313 daAuts
     D:2: 157 daAuts
